 Dungeon Crawl Stone Soup version 0.26-b1-59-ge38874ec40 (webtiles) character file.

Game seed: 9735081843864368939

113 oldmanjim the Sneak (level 5, 31/31 (34) HPs)
             Began as a Halfling Enchanter on Jan 8, 2021.
             Quit the game on level 2 of the Dungeon on Jan 9, 2021.
             The game lasted 00:21:21 (3350 turns).

oldmanjim the Sneak (Halfling Enchanter)            Turns: 3350, Time: 00:21:22

HP:   31/31 (34)    AC:  3    Str:  9    XL:     5   Next: 17%
MP:   7/7           EV: 16    Int: 14    God:
Gold: 144           SH:  0    Dex: 15    Spells: 6/7 levels left

rFire    . . .     SeeInvis .   b - +0 hunting sling
rCold    . . .     Faith    .   (shield restricted)
rNeg     . . .     Spirit   .   e - +0 robe
rPois    .         Reflect  .   o - +0 helmet
rElec    .         Harm     .   k - scarf {+Inv}
rCorr    .         Rampage  .   (no gloves)
Will     .....                  (no boots)
Stlth    +++.......             (no amulet)
HPRegen  0.10/turn              (no ring)
MPRegen  0.10/turn              (no ring)

@: drained
A: small, mutation resistance 1
a: Evoke Invisibility


You were on level 2 of the Dungeon.
You visited 1 branch of the dungeon, and saw 3 of its levels.

You collected 144 gold pieces.

Inventory:

Hand Weapons
 a - a +1 dagger
 b - a +0 hunting sling (weapon)
Missiles
 d - 4 stones (quivered ammo)
 g - 37 sling bullets
Armour
 c - a +0 leather armour
 e - a +0 robe (worn)
 k - a scarf of invisibility (worn)
 o - a +0 helmet (worn)
Jewellery
 j - a cursed amulet of inaccuracy {unknown}
Wands
 m - a wand of flame (8)
Scrolls
 f - a scroll of magic mapping {unknown}
 h - 2 scrolls of identify {unknown}
 i - 3 scrolls of remove curse {unknown}
 l - a scroll of amnesia {unknown}
 p - 2 scrolls of teleportation {unknown}
Potions
 n - 2 potions of lignification {unknown}
 q - 2 potions of cancellation {unknown}
 r - a potion of heal wounds {unknown}
 s - a potion of curing {unknown}


   Skills:
 + Level 1.7 Fighting
 + Level 2.9 Short Blades
 - Level 0.7 Slings
 + Level 3.3 Dodging
 - Level 4.0 Stealth
 - Level 1.5 Spellcasting
 - Level 2.4 Hexes
 + Level 0.2 Evocations


You had 6 spell levels left.
You knew the following spells:

 Your Spells              Type           Power        Failure   Level
a - Corona                Hex            7%           10%         1

Your spell library contained the following spells:

 Spells                   Type           Power        Failure   Level
 Ensorcelled Hibernation  Hex/Ice        8%           22%         2
 Confusing Touch          Hex            7%           28%         3
 Tukima's Dance           Hex            7%           28%         3
 Dazzling Flash           Conj/Hex       8%           41%         3


Dungeon Overview and Level Annotations

Branches:
Dungeon (3/15)

Altars:

Annotations:
D:3 Sigmund


Innate Abilities, Weirdness & Mutations

You are small and have problems with some larger weapons.
You are somewhat resistant to further mutation.


Message History

The worm is almost dead.
You barely miss the worm.
The worm is almost dead.
The worm closely misses you.
You hit the worm.
You kill the worm!
You start resting.
HP restored.
Sigmund is nearby!
Sigmund casts a spell at you. You resist with some effort.
b - a +0 hunting sling (weapon)
There is a stone staircase leading up here.
You climb upwards.
There is a stone staircase leading down here.
You feel drained.
You fail to use your ability.
Welcome back, oldmanjim the Halfling Enchanter.
Press ? for a list of commands and other information.
There is an open door here.
Are you sure you want to abandon this character and quit the game? (Confirm with "yes".)

#.###.#.8.# #.#...#...# #######
#.#.#####'# ......#
##########.#...##.## ......#
#.#.....##.###'###.#
......#######........#.'.##.##.#
.......##............###.###..##
.......##............##....#####
######.##.......@....##.##.'...#
#.######'#......##.#..###.# #.#
#.######.##...##...# ###'####
#.# #.#######'###
####......###.## #.# #..#
...............#####.# ##.##
..................>#.#####..#
####......####.###.#.......##
#......# #.###.#.#######


There were no monsters in sight!

Vanquished Creatures
  5 adders (D:2)
  An ooze (D:2)
  A worm (D:3)
  3 leopard geckos
  5 giant cockroaches
  6 goblins
  8 hobgoblins
  4 jackals
  6 kobolds
  2 quokkas (D:2)
  8 bats
  2 frilled lizards
  5 rats
56 creatures vanquished.

Notes
Turn   | Place    | Note
-------+----------+-------------------------------------------
     0 | D:1      | oldmanjim the Halfling Enchanter began the quest for the
                  | Orb.
     0 | D:1      | Reached XP level 1. HP: 11/11 MP: 3/3
   382 | D:1      | Reached XP level 2. HP: 18/18 MP: 4/4
   868 | D:1      | Reached XP level 3. HP: 10/22 MP: 5/5
  1558 | D:2      | Reached skill level 1 in Fighting
  1558 | D:2      | Reached skill level 4 in Stealth
  1921 | D:2      | Reached XP level 4. HP: 28/28 MP: 6/6
  2841 | D:2      | Reached XP level 5. HP: 27/34 MP: 7/7
  3134 | D:3      | Noticed Sigmund
  3350 | D:2      | Quit the game

Illustrated notes

Levels and vault maps discovered:
D:1:      lightli_arrival_chessboard, layout_loops_corners, chequers_arboretum,
          minmay_misc_feat_four_crosses
D:2:      minmay_chambers_of_ones, layout_basic, chequers_decorated_corner,
          hangedman_abyss_or_decor_stabs, minmay_puff
D:3:      layout_loops_ring, nemelex_spade_bored_becter, uniq_sigmund,
          uniq_jessica

Skill      XL: |  1  2  3  4 |
---------------+-------------+-----
Short Blades   | 2 |  2.9
Fighting       | 1 |  1.7
Stealth        | 4 |  4.0
Dodging        | 3 |  3.3
Slings         | |  0.7
Spellcasting   | |  1.5
Hexes          | |  2.4
Evocations     | |  0.2

Action                   |  1- 3 |  4- 6 || total
-------------------------+-------+-------++-------
Melee: Dagger            |    67 |    93 ||   160
 Fire: Hunting sling     |    84 |    44 ||   128
Armor: Robe              |    13 |     7 ||    20
Dodge: Dodged            |    67 |    78 ||   145
